 Dungeon Crawl Stone Soup version 0.29.1-15-g9cfb28693d (webtiles) character file.

Game seed: 15521521053470757991

126735 GeoRichter the Warrior (level 16, -19/98 HPs)
             Began as a Vine Stalker Brigand on Mar 7, 2023.
             Was a High Priest of Okawaru.
             Killed from afar by a deep elf knight (29 damage)
             ... with a shard of ice
             ... on level 2 of the Elven Halls on Mar 8, 2023.
             The game lasted 01:09:33 (26043 turns).

GeoRichter the Warrior (Vine Stalker Brigand)      Turns: 26043, Time: 01:09:33

Health: -19/98     AC: 19    Str: 25    XL:     16   Next: 99%
Magic:  0/25       EV: 15    Int: 14    God:    Okawaru [*****.]
Gold:   1867       SH: 13    Dex: 16    Spells: 15/15 levels left

rFire   + + .      SeeInvis +   j - +8 scimitar of the Glowing Scorpion {holy, rElec rPois Str+3 Int+3}
rCold   + . .      Faith    .   z - +1 kite shield of Jeung {rElec rCorr SInv}
rNeg    + . .      Spirit   +   n - +4 ring mail "Ucucupoe" {rF+ rC+ Will+}
rPois   +          Reflect  .   (no helmet)
rElec   +          Harm     .   c - +1 cloak
rCorr   +          Rampage  .   S - +2 pair of gloves "Enifilil" {rN+}
Will    +++..                   (no boots)
Stlth   ++++......              i - amulet of regeneration
HPRegen 1.86/turn               D - ring of poison resistance
MPRegen 0.19/turn               r - ring of protection from fire

@: heroic
A: fangs 3, regeneration 1, magic shield, antimagic bite, no potion heal 2
a: Renounce Religion, Heroism, Finesse, Duel


You were on level 2 of the Elven Halls.
You worshipped Okawaru.
Okawaru was extremely pleased with you.
You visited 5 branches of the dungeon, and saw 25 of its levels.

You collected 2773 gold pieces.
You spent 906 gold pieces at shops.

Inventory:

Hand Weapons
 a - a +2 dagger of electrocution
   (You found it on level 4 of the Dungeon)
 d - a +1 demon blade of flaming
   (You found it on level 13 of the Dungeon)
 j - the +8 scimitar of the Glowing Scorpion (weapon) {holy, rElec rPois Str+3 Int+3}
   (Okawaru gifted it to you on level 2 of the Orcish Mines)

   It has been blessed by the Shining One to cause great damage to the undead
   and demons.
   Str:       It affects your strength (+3).
   Int:       It affects your intelligence (+3).
   rElec:     It insulates you from electricity.
   rPois:     It protects you from poison.
Missiles
 q - 3 javelins (quivered)
 y - 7 throwing nets {!f}
 I - a curare-tipped dart {!f}
Armour
 c - a +1 cloak (worn)
 e - +0 swamp dragon scales
   (You took it off Maggie on level 9 of the Dungeon)
 n - the +4 ring mail "Ucucupoe" (worn) {rF+ rC+ Will+}
   (You found it on level 14 of the Dungeon)

   rF:        It protects you from fire.
   rC:        It protects you from cold.
   Will:      It increases your willpower.
 z - the +1 kite shield of Jeung (worn) {rElec rCorr SInv}
   (Okawaru gifted it to you on level 12 of the Dungeon)

   rElec:     It insulates you from electricity.
   SInv:      It lets you see invisible.
   rCorr:     It protects you from acid and corrosion.
 H - a +4 plate armour
   (You found it on level 9 of the Dungeon)
 S - the +2 pair of gloves "Enifilil" (worn) {rN+}
   (You found it on level 3 of the Lair of Beasts)

   rN:        It protects you from negative energy.
Jewellery
 i - an amulet of regeneration (around neck)
   (You found it on level 1 of the Dungeon)
 r - a ring of protection from fire (right hand)
   (You found it on level 11 of the Dungeon)
 s - the amulet of the Air {Inacc Air Fly rElec RMsl}
   (You bought it in a shop on level 2 of the Orcish Mines)

   [amulet of nothing]

   It reduces the accuracy of all your attacks.
   It enhances your air magic.
   rElec:     It insulates you from electricity.
   Fly:       It grants you flight.
   RMsl:      It protects you from missiles.
 D - a ring of poison resistance (left hand)
   (You found it on level 2 of the Lair of Beasts)
 M - a ring of flight
   (You found it on level 1 of the Lair of Beasts)
Wands
 o - a wand of polymorph (5)
   (You found it on level 2 of the Dungeon)
 w - a wand of quicksilver (10)
   (You took it off Duvessa on level 6 of the Dungeon)
 B - a wand of digging (2)
   (You found it on level 12 of the Dungeon)
 O - a wand of flame (27)
   (You found it on level 2 of the Lair of Beasts)
Scrolls
 h - a scroll of blinking
 k - 6 scrolls of enchant armour
 m - 9 scrolls of amnesia
 p - 3 scrolls of silence
 t - 6 scrolls of fear
 u - 4 scrolls of vulnerability {!r}
 v - 4 scrolls of identify {@r1}
 x - 4 scrolls of enchant weapon
 A - 2 scrolls of teleportation {@r4}
 F - 2 scrolls of magic mapping
 K - a scroll of noise {unknown}
 N - 2 scrolls of poison
 R - a scroll of immolation {!r}
Potions
 b - a potion of resistance
 f - 12 potions of curing {@q1}
 g - 3 potions of lignification {!q}
 l - 6 potions of mutation {!q}
 C - 2 potions of berserk rage
 E - 4 potions of cancellation
 G - 2 potions of might
 P - a potion of ambrosia
Miscellaneous
 J - a tin of tremorstones (2/2)
   (You found it on level 9 of the Dungeon)


   Skills:
 + Level 17.0(22.0) Fighting
 - Level 10.0(15.3) Short Blades
 * Level 4.2(12.7) Long Blades
 - Level 8.8(13.8) Throwing
 + Level 10.9(15.9) Armour
 - Level 4.1(9.1) Dodging
 - Level 4.8(9.8) Stealth
 + Level 7.0(12.0) Shields
 - Level 10.8 Invocations
 - Level 3.0 Evocations


You had 15 spell levels left.
You didn't know any spells.
Your spell library contained the following spells:

 Spells                   Type           Power      Damage    Failure   Level
 Foxfire                  Conj/Fire      0%         2x1d4     61%         1
 Confusing Touch          Hex            0%         N/A       93%         3
 Conjure Flame            Conj/Fire      0%         6-21      93%         3
 Gell's Gravitas          Tloc           0%         N/A       93%         3
 Ignite Poison            Fire/Tmut/Pois 0%         N/A       93%         3
 Inner Flame              Hex/Fire       0%         N/A       93%         3
 Lesser Beckoning         Tloc           0%         N/A       93%         3
 Ozocubu's Armour         Ice            0%         N/A       93%         3
 Teleport Other           Tloc           0%         N/A       93%         3
 Flame Wave               Conj/Fire      0%         2d4       100%        4
 Petrify                  Tmut/Erth      0%         N/A       100%        4
 Sticky Flame             Conj/Fire      0%         2d3       100%        4
 Borgnjor's Vile Clutch   Necr/Erth      0%         N/A       100%        5
 Fireball                 Conj/Fire      0%         3d3       100%        5
 Metabolic Englaciation   Hex/Ice        0%         N/A       100%        5
 Yara's Violent Unravell  Hex/Tmut       0%         3d3       100%        5
 Starburst                Conj/Fire      0%         6d3       100%        6
 Enfeeble                 Hex            0%         N/A       100%        7
 Ozocubu's Refrigeration  Ice            0%         4d7       100%        7
 Ignition                 Fire           0%         3d3       100%        8
 Animate Dead             Necr           Unusable   N/A       N/A         4
 Death Channel            Necr           Unusable   N/A       N/A         6
 Simulacrum               Ice/Necr       Unusable   N/A       N/A         6

Dungeon Overview and Level Annotations

Branches:
Dungeon (15/15) Zot: 26140  Temple (1/1) D:7 Zot: 5985    Lair (5/5) D:10 Zot: 24402
 Shoals (0/4) Lair:2        Snake (0/4) Lair:3        Slime (0/5) Lair:4
    Orc (2/2) D:10 Zot: 10237     Elf (2/3) Orc:2 Zot: 10230  Vaults (0/5) D:14
 Depths (0/4) D:15

Altars:
Ashenzari
Cheibriados
Dithmenos
Elyvilon
Fedhas
Gozag
Hepliaklqana
Kikubaaqudgha
Makhleb
Nemelex Xobeh
Okawaru
Qazlal
Ru
Sif Muna
Trog
Uskayaw
Vehumet
Wu Jian
Xom
Yredelemnul
Zin
The Shining One
Jiyva

Shops:
D:3 ?   D:14 [   Orc:2 =!([   Elf:1 *   Elf:2 (:

Portals:
Abyss: Lair:4

Annotations:
D:8 exclusion: two-headed ogre
D:14 3 runed translucent doors, Apno Qen's ghost, journeyman DrFE
Lair:3 exclusion: oklob plant
Lair:4 2 transporters, Fifowuza's ghost, journeyman DrTm
Elf:2 3 runed translucent doors


Innate Abilities, Weirdness & Mutations

You have razor-sharp teeth.
Your natural rate of healing is unusually fast.
When hurt, damage is shared between your health and your magic reserves.
Your bite disrupts and absorbs the magic of your enemies.
Potions cannot restore your health.


Message History

The deep elf sorcerer seems to speed up.
You slash the deep elf sorcerer! You bite the deep elf sorcerer!
The deep elf sorcerer's magic leaks into the air.
You drain its magic.
You feel invigorated.
The deep elf sorcerer falters for a moment.
You block the deep elf knight's attack.
The deep elf knight mumbles some strange words.
The deep elf knight seems to speed up.
The deep elf sorcerer falters for a moment.
You slash the deep elf sorcerer!
You bite the deep elf sorcerer, but do no damage.
You block the deep elf sorcerer's attack.
The deep elf knight hits you with a +0 long sword!
You slash the deep elf sorcerer!
The deep elf sorcerer barely misses you.
You block the deep elf knight's attack.
The deep elf sorcerer hits you but does no damage.
You completely miss the deep elf sorcerer.
Your bite misses the deep elf sorcerer.
The deep elf sorcerer hits you but does no damage.
The deep elf knight hits you with a +0 long sword.
The deep elf sorcerer hits you but does no damage.
You slash the deep elf sorcerer!
You kill the deep elf sorcerer!
Okawaru accepts your kill.
The deep elf knight wields a +0 longbow.
The deep elf knight shoots an arrow.
The arrow closely misses you.
The deep elf knight hits you with a +0 long sword!
The deep elf knight shoots an arrow.
The arrow misses the deep elf knight.
The arrow hits you!!
* * * LOW HITPOINT WARNING * * *
The deep elf knight closely misses you.
The deep elf knight casts a spell at you.
The lance of force hits you!
* * * LOW HITPOINT WARNING * * *
You are knocked back by the lance of force.
You collide with the deep elf knight!
The deep elf archer unwields a +0 short sword.
The deep elf archer wields a +0 shortbow.
The deep elf archer shoots an arrow.
The deep elf knight blocks the arrow.
Your Fighting skill increases to level 17!
Your Shields skill increases to level 7!
You gain the combat prowess of a mighty hero.
The deep elf knight gestures at you while chanting.
The shard of ice misses the deep elf knight.
The shard of ice hits you!! You partially resist.
* * * LOW HITPOINT WARNING * * *
The deep elf knight gestures at you while chanting.
The shard of ice hits you!! You partially resist.
You die...

..... ....# ##..⌠. ....<#
#.#.# ##..... [....(#
#.#.#######......
.......###)#.....##.......
........)()......#........
........##.##....#........
......#.##.##.####⌠.......
.....##.#ee##.# #........
.[......#@###.####.)......
...###..#e###....#....^...
#. #..ee....##...[).⌠..# #
#....ee#####....#######
...#.#### #......#.# #
####) #..>.../.### ..>.
#.##.......# ###
###.#......#.)
#......#...###


You could see 2 deep elf archers, 3 deep elf knights, a deep elf pyromancer and
a deep elf zephyrmancer.

Vanquished Creatures
  Jorgrun (D:13)
  Rupert (Lair:5)
  Agnes (D:14)
  A wizard (Elf:1)
  A deep elf sorcerer (Elf:2)
  3 iron dragons (Elf:1)
  A deep elf elementalist (Elf:1)
  A caustic shrike skeleton (D:15)
  Nessos (Orc:2)
  Snorg (D:11)
  Josephine (Orc:2)
  Harold (Orc:1)
  2 fire dragons (Elf:1)
  An ice dragon (D:11)
  2 boulder beetles
  3 catoblepae
  Fannar (Orc:1)
  2 two-headed ogres
  10 centaur warriors
  10 hydras
  A merfolk avatar (Lair:5)
  Erolcha (D:12)
  10 dancing weapons
  2 tengu warriors
  13 death yaks
  An orc high priest (Orc:1)
  A vampire mage (D:15)
  7 deep elf knights
  Lodul (D:14)
  2 sea snakes (Lair:5)
  2 skeletal warriors (D:15)
  3 deep elf archers
  A necromancer (D:15)
  20 deep elf pyromancers
  17 deep elf zephyrmancers
  2 ugly things
  4 orc knights
  5 cyclopes
  2 fire giant skeletons (D:15)
  A frost giant skeleton (D:15)
  3 manticores
  6 black mambas
  8 elephants (Lair:5)
  A gargoyle (D:12)
  2 torpor snails (Lair:3)
  8 cane toads
  Maggie (D:9)
  2 kobold demonologists
  4 yaktaurs (D:15)
  3 efreet (D:15)
  3 rime drakes
  A tengu conjurer (D:15)
  9 komodo dragons
  2 polar bears (Lair:5)
  6 trolls
  4 red devils
  A wind drake (Lair:5)
  12 slime creatures
  24 blink frogs
  6 dream sheep
  A blink frog (shapeshifter) (Elf:1)
  A snapping turtle (Lair:5)
  2 air elementals (Elf:1)
  A centaur simulacrum (D:14)
  2 vampires
  2 water elementals (Elf:2)
  8 wraiths
  32 yaks
  3 shadows
  4 basilisks
  5 wyverns
  3 steam dragons
  8 vampire mosquitoes
  Menkaure (D:6)
  2 nagas (Lair:3)
  4 wargs
  An acid dragon (D:10)
  13 water moccasins
  Duvessa (D:6)
  An ice beast (D:5)
  44 orc warriors
  A sky beast (D:8)
  13 ogres
  3 black bears
  10 wolves (Lair:3)
  32 centaurs
  2 phantoms (D:5)
  2 kobold brigands
  11 bullfrogs
  A necrophage (D:6)
  2 earth elementals (Elf:1)
  9 scorpions
  9 wights
  Dowan (D:6)
  5 killer bees (D:8)
  An electric eel (D:6)
  5 jellies
  3 hounds
  3 gnoll boudas
  12 orc priests
  3 iguanas
  25 orc wizards
  24 gnolls
  9 adders
  2 white imps
  2 ufetubi
  3 worms
  A dart slug (D:1)
  81 orcs
  5 ball pythons
  5 bats
  23 endoplasms
  5 giant cockroaches
  10 goblins
  13 hobgoblins
  6 jackals
  4 quokkas
  3 frilled lizards
  50 kobolds
  3 rats
788 creatures vanquished.

Vanquished Creatures (others)
  A deep elf knight (Elf:2)
  2 orcs (Orc:2)
  A butterfly (D:15)
  45 fungi
  41 plants
  7 withered plants (D:15)
97 creatures vanquished.

Grand Total: 885 creatures vanquished

Notes
Turn   | Place    | Note
-------+----------+-------------------------------------------
     0 | D:1      | GeoRichter the Vine Stalker Brigand began the quest for the
                  | Orb.
     0 | D:1      | Reached XP level 1. HP: 11/11 MP: 2/2
    43 | D:1      | Reached skill level 2 in Fighting
    48 | D:1      | Reached XP level 2. HP: 15/15 MP: 3/3
   266 | D:1      | Found a faded altar of an unknown god.
   461 | D:1      | Reached XP level 3. HP: 18/18 MP: 4/4
  1126 | D:2      | Gained mutation: Your natural rate of healing is unusually
                  | fast. [Vine Stalker growth]
  1126 | D:2      | Reached XP level 4. HP: 22/23 MP: 5/5
  1715 | D:3      | Found Ilairph's Magic Scroll Boutique.
  1744 | D:3      | Bought a scroll of identify for 28 gold pieces
  2052 | D:2      | Reached skill level 3 in Fighting
  2052 | D:2      | Reached XP level 5. HP: 8/28 MP: 1/6
  2811 | D:4      | Reached XP level 6. HP: 32/32 MP: 7/7
  3264 | D:3      | Reached skill level 5 in Short Blades
  3357 | D:5      | Entered Level 5 of the Dungeon
  3583 | D:5      | Noticed an ice beast
  3609 | D:5      | Killed an ice beast
  3610 | D:5      | Reached skill level 4 in Fighting
  3610 | D:5      | Reached XP level 7. HP: 30/37 MP: 6/8
  3792 | D:5      | Gained mutation: You have razor-sharp teeth. [Vine Stalker
                  | growth]
  3792 | D:5      | Reached XP level 8. HP: 42/42 MP: 4/9
  3942 | D:5      | Reached skill level 5 in Fighting
  4330 | D:6      | Noticed Menkaure
  4335 | D:6      | Killed Menkaure
  4336 | D:6      | Reached skill level 1 in Dodging
  4567 | D:6      | Found a glowing golden altar of the Shining One.
  4741 | D:6      | Noticed Duvessa
  4741 | D:6      | Noticed Dowan
  4762 | D:6      | Killed Duvessa
  4763 | D:6      | Reached skill level 1 in Armour
  4776 | D:6      | Killed Dowan
  4950 | D:6      | Found a basalt altar of Yredelemnul.
  5126 | D:6      | Reached XP level 9. HP: 48/48 MP: 10/10
  5245 | D:6      | Reached skill level 1 in Evocations
  5662 | D:7      | Found a staircase to the Ecumenical Temple.
  5669 | D:7      | Reached skill level 6 in Fighting
  5687 | Temple   | Entered the Ecumenical Temple
  5694 | Temple   | Became a worshipper of Ru the Awakened
  5994 | D:7      | Found a hide-covered altar of Uskayaw.
  6492 | D:8      | Found a shadowy altar of Dithmenos.
  7042 | D:8      | Noticed a two-headed ogre
  7055 | D:8      | Found a bloodstained altar of Trog.
  7058 | D:8      | Found a blossoming altar of Fedhas.
  7061 | D:8      | Found a hazy altar of Hepliaklqana.
  7062 | D:8      | Found a shimmering blue altar of Sif Muna.
  7066 | D:8      | Found a burning altar of Makhleb.
  7825 | D:9      | Noticed Maggie
  7922 | D:9      | Found an iron altar of Okawaru.
  7939 | D:9      | Fell from the grace of Ru
  7939 | D:9      | Became a worshipper of Warmaster Okawaru
  7980 | D:9      | Reached XP level 10. HP: 45/53 MP: 11/11
  8084 | D:9      | Reached skill level 7 in Fighting
  8214 | D:9      | Reached skill level 10 in Short Blades
  8222 | D:9      | Reached * piety under Okawaru
  8283 | D:9      | Found the +7 Singing Sword {vorpal, sonic wave}
  8388 | D:9      | You fall into a shaft and drop 2 floors!
  8449 | D:11     | Reached skill level 1 in Invocations
  8469 | D:11     | Noticed a cyclops
  8502 | D:11     | Noticed a boulder beetle
  8622 | D:11     | Noticed Snorg
  8634 | D:11     | Killed Snorg
  8634 | D:11     | Reached ** piety under Okawaru
  8725 | D:11     | Noticed a kobold demonologist
  8727 | D:10     | Entered Level 10 of the Dungeon
  8733 | D:10     | Noticed a sun demon
  8739 | D:10     | Killed a kobold demonologist
  8956 | D:9      | Reached skill level 8 in Fighting
  9040 | D:9      | Killed Maggie
  9040 | D:9      | Reached *** piety under Okawaru
  9329 | D:10     | Noticed a two-headed ogre
  9334 | D:10     | Killed a two-headed ogre
  9370 | D:10     | Reached XP level 11. HP: 60/60 MP: 14/14
 10128 | D:10     | Found a staircase to the Orcish Mines.
 10222 | D:10     | Found a staircase to the Lair.
 10448 | Lair:1   | Entered Level 1 of the Lair of Beasts
 10528 | Lair:1   | Reached **** piety under Okawaru
 10529 | Lair:1   | Reached skill level 9 in Fighting
 11501 | Lair:2   | Reached ***** piety under Okawaru
 11548 | Lair:2   | Noticed a six-headed hydra
 11557 | Lair:2   | Killed a six-headed hydra
 11558 | Lair:2   | Reached skill level 5 in Armour
 11584 | Lair:2   | Found a staircase to the Shoals.
 11593 | Lair:2   | Reached skill level 5 in Invocations
 11648 | Lair:2   | Reached skill level 10 in Fighting
 11793 | Lair:2   | Reached XP level 12. HP: 60/67 MP: 15/17
 12425 | Lair:3   | Received a gift from Okawaru
 12581 | Lair:3   | Noticed a six-headed hydra
 12595 | Lair:3   | Killed a six-headed hydra
 12691 | Lair:3   | Noticed an eight-headed hydra
 12704 | Lair:3   | Killed an eight-headed hydra
 12705 | Lair:3   | Reached skill level 5 in Throwing
 12745 | Lair:3   | Reached skill level 11 in Fighting
 12863 | Lair:3   | Found a runed translucent door.
 12892 | Lair:3   | Found a staircase to the Snake Pit.
 12892 | Lair:3   | Noticed a death yak
 12907 | Lair:3   | Killed a death yak
 12925 | Lair:3   | Noticed a death yak
 12958 | Lair:3   | Killed a death yak
 13231 | Lair:3   | Identified the +2 pair of gloves "Enifilil" {rN+}
 13505 | Lair:3   | Noticed a four-headed hydra
 13603 | Lair:3   | Killed a four-headed hydra
 13685 | Lair:4   | Found a staircase to the Slime Pits.
 13685 | Lair:4   | Found a viscous altar of Jiyva.
 13779 | Lair:4   | Noticed a death yak
 13779 | Lair:4   | Noticed a death yak
 13779 | Lair:4   | Noticed a death yak
 13791 | Lair:4   | Noticed a death yak
 13793 | Lair:4   | Noticed a death yak
 13800 | Lair:4   | Killed a death yak
 13801 | Lair:4   | Reached XP level 13. HP: 58/74 MP: 16/19
 13857 | Lair:4   | Reached skill level 12 in Fighting
 13868 | Lair:4   | Received a gift from Okawaru
 13986 | Lair:4   | Found a transporter.
 14014 | Lair:4   | Identified the +5 sling of the Bruised Continents {flame,
                  | Will+}
 14168 | Lair:4   | Reached ****** piety under Okawaru
 14500 | Lair:4   | Found a one-way gate to the infinite horrors of the Abyss.
 14500 | Lair:4   | Noticed Fifowuza's ghost (journeyman DrTm)
 14614 | Lair:4   | Found a transporter.
 14727 | Lair:5   | Entered Level 5 of the Lair of Beasts
 15052 | Lair:4   | Received a gift from Okawaru
 15072 | Lair:5   | Identified the +1 ring mail "Ugitisu" {Rampage Dex+4}
 15259 | Lair:5   | Reached skill level 13 in Fighting
 15423 | Lair:5   | Identified the +0 ring mail of the Tundras {Will+ Slay+2}
                  | (Okawaru gifted it to you on level 5 of the Lair of Beasts)
 15423 | Lair:5   | Received a gift from Okawaru
 15453 | Lair:5   | Reached XP level 14. HP: 82/82 MP: 21/21
 15671 | Lair:5   | Noticed Rupert
 15682 | Lair:5   | Killed Rupert
 16844 | D:3      | Bought a scroll of poison for 56 gold pieces
 16844 | D:3      | Bought a scroll of fear for 56 gold pieces
 17028 | Orc:1    | Entered Level 1 of the Orcish Mines
 17233 | Orc:1    | Noticed Harold
 17281 | Orc:1    | Killed Harold
 17290 | Orc:1    | Reached skill level 14 in Fighting
 17457 | Orc:1    | Noticed Fannar
 17481 | Orc:1    | Killed Fannar
 17567 | Orc:2    | Entered Level 2 of the Orcish Mines
 17742 | Orc:2    | Noticed Josephine
 17775 | Orc:2    | Killed Josephine
 17854 | Orc:2    | Found a staircase to the Elven Halls.
 17857 | Orc:2    | Noticed Nessos
 17867 | Orc:2    | Killed Nessos
 17867 | Orc:2    | Identified the +8 scimitar of the Glowing Scorpion {holy,
                  | rElec rPois Str+3 Int+3} (Okawaru gifted it to you on level
                  | 2 of the Orcish Mines)
 17867 | Orc:2    | Received a gift from Okawaru
 18501 | Orc:2    | Found Zecokeri's Distillery.
 18501 | Orc:2    | Found Cykits's Weapon Shoppe.
 18503 | Orc:2    | Found Peem's Antique Armour Emporium.
 18505 | Orc:2    | Found Galol's Jewellery Boutique.
 18512 | Orc:2    | Bought a kite shield for 90 gold pieces
 18517 | Orc:2    | Bought the amulet of the Air {Inacc Air Fly rElec RMsl} for
                  | 676 gold pieces
 18517 | Orc:2    | Found the amulet of the Air {Inacc Air Fly rElec RMsl}
 18747 | Orc:1    | Reached skill level 10 in Invocations
 19323 | D:11     | Reached XP level 15. HP: 51/88 MP: 14/23
 19533 | D:11     | Received a gift from Okawaru
 19534 | D:11     | Reached skill level 1 in Shields
 19774 | D:11     | Got Ygoo's Volume of Sculpting
 19999 | D:12     | Noticed Erolcha
 20034 | D:12     | Killed Erolcha
 20034 | D:12     | Identified the +1 kite shield of Jeung {rElec rCorr SInv}
                  | (Okawaru gifted it to you on level 12 of the Dungeon)
 20034 | D:12     | Received a gift from Okawaru
 20900 | D:13     | Reached skill level 15 in Fighting
 21281 | D:13     | Noticed Jorgrun
 21476 | D:13     | Killed Jorgrun
 22088 | D:14     | Found a runed translucent gate.
 22089 | D:14     | Found a runed translucent gate.
 22089 | D:14     | Noticed Apno Qen's ghost (journeyman DrFE)
 22089 | D:14     | Noticed a frost giant
 22090 | D:14     | Found a runed translucent gate.
 22091 | D:14     | Identified the +1 robe of Morality {Dex+3}
 22102 | D:14     | Noticed Lodul
 22117 | D:14     | Killed Lodul
 22216 | D:14     | Identified the +4 ring mail "Ucucupoe" {rF+ rC+ Will+}
 22255 | D:14     | Found Nimut's Antique Armour Shop.
 22494 | D:14     | Found a gate to the Vaults.
 22510 | D:14     | Identified the +4 quarterstaff of the Unliving {flame,
                  | Drain rElec rC+++ Str+7} (Okawaru gifted it to you on level
                  | 14 of the Dungeon)
 22510 | D:14     | Received a gift from Okawaru
 22740 | D:14     | Noticed Agnes
 22769 | D:14     | Killed Agnes
 23111 | D:14     | Found an iron altar of Okawaru.
 23135 | D:15     | Entered Level 15 of the Dungeon
 23179 | D:15     | Found a staircase to the Depths.
 23316 | D:15     | Received a gift from Okawaru
 23317 | D:15     | Reached XP level 16. HP: 96/96 MP: 25/25
 23335 | D:15     | Reached skill level 10 in Armour
 23371 | D:15     | Reached skill level 16 in Fighting
 23384 | D:15     | Reached skill level 5 in Shields
 23517 | D:15     | Found a white marble altar of Elyvilon.
 24145 | Elf:1    | Entered Level 1 of the Elven Halls
 24738 | Elf:1    | Paralysed by an air elemental for 1 turns
 24748 | Elf:1    | Paralysed by an air elemental for 1 turns
 25000 | Elf:1    | Reached skill level 1 in Long Blades
 25258 | Elf:1    | Found Iaufaso's Incredible Inventory.
 25385 | Elf:1    | Paralysed by an air elemental for 1 turns
 25408 | Elf:1    | HP: 1/98 [deep elf knight/shard of ice (19)]
 25648 | Elf:2    | Found Benoikh's Antique Weapon Boutique.
 25742 | Elf:2    | Found Heck's Book Boutique.
 25899 | Elf:2    | Identified the -1 pair of boots "Udapame" {Rampage rF-
                  | Str+6 Stlth+} (Okawaru gifted it to you on level 2 of the
                  | Elven Halls)
 25899 | Elf:2    | Received a gift from Okawaru
 25956 | Elf:2    | Found a runed translucent gate.
 25957 | Elf:2    | Found a runed translucent gate.
 25957 | Elf:2    | Found a runed translucent gate.
 26043 | Elf:2    | Reached skill level 17 in Fighting
 26043 | Elf:2    | Killed from afar by a deep elf knight

Illustrated notes

Levels and vault maps discovered:
D:1:      minmay_arrival_stair_chambers, layout_rooms,
          ebering_ecumenical_altar_ruins, solitary_fountain, st_stairs_14,
          minmay_misc_feat_iff, minivault_25
D:2:      minmay_angry_zag, layout_basic
D:3:      layout_rooms, serial_shops, nicolae_shop_crystal
D:4:      layout_loops_ring
D:5:      layout_loops_ring
D:6:      minmay_goblin_kobold_castle, layout_basic, kennysheep_mini_moat,
          mainiacjoe_overflow_alcove_1, minmay_misc_feat_nine_boxes,
          nrook_campfire, uniq_duvessa, uniq_menkaure
D:7:      layout_loops_ring, nicolae_uskayaw_murder_on_the_dancefloor,
          minmay_temple_entry_large_hall
D:8:      layout_loops_corners, general_overflow_altar, minitemple,
          serial_bayou_lagoon_a
D:9:      old_forge, layout_stronghold, okawaru_altar_gauntlet_db,
          hangedman_decor_riveting, minmay_misc_feat_alley, uniq_maggie
D:10:     layout_stronghold, grunt_lair_entry_orc_guard_hut, hiddenorc1_lemuel
D:11:     dragon1_lemuel, layout_loops_ring, uniq_snorg
D:12:     layout_big_octagon, minmay_quadrilaterals, uniq_erolcha
D:13:     layout_stronghold, nicolae_straight_to_the_point, uniq_jorgrun
D:14:     layout_roguey, erik_vaults_1, serial_shops, shop_fountains,
          hangedman_abyss_or_decor_clamps, gammafunk_ghost_fury_of_okawaru,
          einodemon_armed_red_devil_minivault, uniq_lodul, uniq_agnes
D:15:     gammafunk_depths_entry_grave, layout_cave_pools,
          nicolae_elyvilon_peaceful_grove
Temple:   nicolae_temple_no_exploring_needed
Lair:1:   layout_gridlike
Lair:2:   layout_gridlike, shoals_dummy_entry,
          eino_small_chamber_without_monster
Lair:3:   lemuel_slime, layout_gridlike, guppyfry_snake_entry_island,
          minivault_24, pf_torpor_hydra, grunt_megastairs_4,
          infiniplex_staircase_pool_2
Lair:4:   layout_cave_pods, slime_entry_1, gammafunk_ghost_abyssal_escape
Lair:5:   gammafunk_lair_ancient_temple, layout_big_grid, uniq_rupert
Orc:1:    layout_diamond_mine, serial_shops, bh_open_orc_temple, uniq_fannar,
          uniq_harold
Orc:2:    st_orc_rangers, layout_diamond_mine, basic_altar, minmay_orc_barracks,
          uniq_josephine, uniq_nessos
Elf:1:    nicolae_elf_arrival_fired_up, layout_gridlike,
          minmay_elf_crystal_hexagon, nicolae_alphabet_shops, st_stairs_4,
          dilly_guarded_unrand_elemental_staff
Elf:2:    nicolae_elf_blades_crystal_corner, layout_loops_cross, serial_shops,
          shop_statue, shop_fountains, shop, special_room
          [special_room_mythical_zoo], amcnicky_mini_corridor_feature,
          uniq_azrael

Skill      XL: |  1  2  3  4  5  6  7  8  9 10 11 12 13 14 15 16 |
---------------+-------------------------------------------------+-----
Short Blades   | 2 3 4 5 6 8 9 10 | 10.0
Fighting       | 2 3 4 5 6 8 10 11 13 14 15 17 | 17.0
Dodging        | 2 4 |  4.1
Armour         | 1 2 3 5 6 7 8 9 10 | 10.9
Evocations     | 3 |  3.0
Throwing       | 3 4 6 7 8 |  8.8
Invocations    | 3 5 7 8 10 | 10.8
Shields        | 4 7 |  7.0
Long Blades    | 4 |  4.2
Stealth        | |  4.8

Action                   |  1- 3 |  4- 6 |  7- 9 | 10-12 | 13-15 | 16-18 || total
-------------------------+-------+-------+-------+-------+-------+-------++-------
Melee: Dagger            |    86 |   177 |   391 |   816 |  2038 |   454 ||  3962
       Bite              |    18 |    50 |   102 |   333 |   945 |   331 ||  1779
       Punch             |     1 |     2 |     1 |    17 |    35 |       ||    56
       Scimitar          |       |       |       |       |    62 |   252 ||   314
Throw: Dart              |     2 |    13 |     4 |     9 |     1 |       ||    29
       Javelin           |       |       |       |     9 |    16 |       ||    25
       Throwing net      |       |       |       |     1 |     1 |       ||     2
Invok: Heroism           |       |       |       |     5 |    11 |     6 ||    22
       Finesse           |       |       |       |     2 |     4 |     3 ||     9
Evoke: Wand              |       |       |     1 |     3 |     1 |       ||     5
  Use: Scroll            |       |     6 |     5 |    13 |    12 |     2 ||    38
       Potion            |       |       |       |     2 |     7 |     4 ||    13
 Stab: Distracted        |     2 |       |       |       |       |       ||     2
       Sleeping          |     4 |     3 |     3 |     2 |       |       ||    12
       Held in net/web   |       |       |       |     1 |     2 |       ||     3
       Invisible         |       |       |       |       |     3 |       ||     3
Armor: Robe              |     3 |       |       |       |       |       ||     3
       Scale mail        |    26 |    45 |   136 |       |       |       ||   207
       Plate armour      |       |       |       |   206 |  1156 |   380 ||  1742
       Swamp dragon scal |       |       |       |    67 |       |       ||    67
       Skin              |       |       |       |     2 |       |       ||     2
       Ring mail         |       |       |       |       |       |     9 ||     9
Dodge: Dodged            |    30 |    57 |   152 |   222 |   547 |   166 ||  1174
       Repelled          |       |       |       |       |     1 |       ||     1
Block: Kite shield       |       |       |       |       |   394 |   346 ||   740
